 Dungeon Crawl Stone Soup version 0.29-a0-515-g7c1fb6cc08 (webtiles) character file.

Game seed: 2615335266968706714

511042 splatterpode the Cryomancer (level 25, -16/190 HPs)
             Began as an Octopode Ice Elementalist on Apr 3, 2020.
             Was the Champion of Qazlal.
             Demolished by a frost giant
             ... wielding a +2 battleaxe of freezing
              (36 damage)
             ... on level 5 of the Vaults on May 30, 2022.
             The game lasted 09:04:16 (106303 turns).

splatterpode the Cryomancer (OpIE)                Turns: 106303, Time: 09:04:17

Health: -16/190    AC: 23    Str: 23    XL:     25   Next: 53%
Magic:  26/38      EV: 26    Int: 37    God:    Qazlal [******]
Gold:   2947       SH: 22    Dex: 23    Spells: 5/56 levels left

rFire   + + +      SeeInvis +   a - +11 short sword "Bentubisi" {elec, rN+ Str+3 Int+10 Stlth-}
rCold   + + .      Faith    .   J - +2 buckler "Burep" {Dex+4}
rNeg    + + +      Spirit   .   j - +2 hat
rPois   +          Reflect  +   C - amulet of reflection
rElec   .          Harm     .   n - ring of positive energy
rCorr   +          Rampage  .   d - ring of willpower
Will    ++...                   Z - ring of Hepox {rF+ rCorr Str+6 Int+2}
Stlth   +.........              H - ring "Atweeria" {rF+ rN+ Dex+4}
HPRegen 1.21/turn               P - ring of Dozegiy {AC+4 SInv}
MPRegen 0.26/turn               Q - ring of protection from cold
                                S - ring of wizardry
                                K - ring of Yxkurphuc {rPois rC+ Str+6}

@: ice-armoured, protected from physical damage, very slightly contaminated,
hasted, constricted, studying 2 skills, repel missiles, very quick
A: almost no armour, amphibious, 8 rings, camouflage 1, gelatinous body 1,
(nimble swimmer 1), tentacles, fire resistance 1, low MP 1, mutation resistance
2, regeneration 1
}: 2/15 runes: decaying, serpentine
a: Renounce Religion, Upheaval, Elemental Force, Disaster Area


You were on level 5 of the Vaults.
You worshipped Qazlal.
Qazlal was exalted by your worship.
You visited 9 branches of the dungeon, and saw 47 of its levels.
You also visited: Sewer, Gauntlet and Ice Cave.

You collected 11999 gold pieces.
You spent 9052 gold pieces at shops.

Inventory:

Hand Weapons
 a - the +11 short sword "Bentubisi" (weapon) {elec, rN+ Str+3 Int+10 Stlth-}
   (You found it on level 5 of the Lair of Beasts)

   It occasionally discharges a powerful burst of electricity upon striking a
   foe.
   Str:       It affects your strength (+3).
   Int:       It affects your intelligence (+10).
   rN:        It protects you from negative energy.
   Stlth:     It makes you less stealthy.
Armour
 j - a +2 hat (worn)
 J - the +2 buckler "Burep" (worn) {Dex+4}
   (You acquired it on level 4 of the Lair of Beasts)

   Dex:       It affects your dexterity (+4).
Jewellery
 b - an amulet of magic regeneration
 d - a ring of willpower (right tentacle)
 n - a ring of positive energy (left tentacle)
 x - a ring of flight
 C - an amulet of reflection (around mantle)
 D - a ring of protection from cold
 H - the ring "Atweeria" (on tentacle) {rF+ rN+ Dex+4}
   (You found it in a Gauntlet)

   [ring of positive energy]

   Dex:       It affects your dexterity (+4).
   rF:        It protects you from fire.
   rN:        It protects you from negative energy.
 K - the ring of Yxkurphuc (on tentacle) {rPois rC+ Str+6}
   (You took it off a deep elf zephyrmancer on level 3 of the Elven Halls)

   [ring of poison resistance]

   Str:       It affects your strength (+6).
   rC:        It protects you from cold.
   rPois:     It protects you from poison.
 P - the ring of Dozegiy (on tentacle) {AC+4 SInv}
   (You took it off a deep elf elementalist on level 3 of the Elven Halls)

   [ring of protection]

   AC:        It affects your AC (+4).
   SInv:      It lets you see invisible.
 Q - a ring of protection from cold (on tentacle)
 S - a ring of wizardry (on tentacle)
 Z - the ring of Hepox (on tentacle) {rF+ rCorr Str+6 Int+2}
   (You took it off a deep elf archer on level 3 of the Elven Halls)

   [ring of strength]

   Str:       It affects your strength (+6).
   Int:       It affects your intelligence (+2).
   rF:        It protects you from fire.
   rCorr:     It protects you from acid and corrosion.
Wands
 p - a wand of charming (14)
 F - a wand of paralysis (8)
 L - a wand of mindburst (37)
 R - a wand of acid (13)
 U - a wand of digging (18)
 V - a wand of flame (76)
 W - a wand of polymorph (19)
Scrolls
 c - 5 scrolls of magic mapping
 e - 17 scrolls of teleportation
 g - 5 scrolls of summoning
 h - 11 scrolls of enchant armour
 m - 6 scrolls of amnesia
 q - 4 scrolls of poison
 v - 7 scrolls of immolation
 y - 6 scrolls of fear
 B - 6 scrolls of enchant weapon
 E - 5 scrolls of silence
 I - 6 scrolls of brand weapon
 M - 6 scrolls of blinking
 X - 5 scrolls of fog
 Y - 2 scrolls of holy word
Potions
 i - 18 potions of curing
 k - 4 potions of cancellation
 l - 14 potions of flight
 o - 5 potions of might
 r - 3 potions of invisibility
 s - 2 potions of brilliance
 t - 6 potions of lignification
 u - 3 potions of ambrosia
 w - 4 potions of haste
 z - 7 potions of attraction
 A - 3 potions of resistance
 G - 8 potions of mutation {!q}
 N - a potion of magic
 O - 5 potions of heal wounds
 T - 4 potions of berserk rage
Miscellaneous
 f - a phial of floods


   Skills:
 + Level 20.5 Fighting
 - Level 12.2 Short Blades
 + Level 19.0 Dodging
 - Level 2.6 Stealth
 - Level 6.0 Shields
 + Level 16.0 Spellcasting
 + Level 17.7 Conjurations
 + Level 7.9 Summonings
 - Level 5.0 Fire Magic
 * Level 21.5 Ice Magic
 - Level 5.0 Air Magic
 - Level 5.0 Earth Magic


You had 5 spell levels left.
You knew the following spells:

 Your Spells              Type           Power      Damage    Failure   Level
b - Fireball              Conj/Fire      42%        3d17      1%          5
c - Freezing Cloud        Conj/Ice/Air   47%        6-21      1%          5
f - Freeze                Ice            100%       1d11      0%          1
g - Summon Lightning Spi  Summ/Air       67%        N/A       1%          4
h - Iron Shot             Conj/Erth      42%        9d8       1%          6
i - Summon Ice Beast      Ice/Summ       95%        N/A       1%          4
l - Blink                 Tloc           58%        N/A       1%          2
m - Ozocubu's Armour      Ice            100%       N/A       0%          3
n - Ice Form              Ice/Tmut       83%        N/A       1%          4
o - Apportation           Tloc           58%        N/A       1%          1
s - Spellforged Servitor  Conj/Summ      45%        N/A       2%          7
v - Polar Vortex          Ice            56%        N/A       9%          9

Your spell library contained the following spells:

 Spells                   Type           Power      Damage    Failure   Level
 Foxfire                  Conj/Fire      100%       2x1d9     0%          1
 Magic Dart               Conj           100%       1d8       0%          1
 Shock                    Conj/Air       100%       1d9       0%          1
 Searing Ray              Conj           100%       2d8       0%          2
 Static Discharge         Conj/Air       85%        N/A       0%          2
 Frozen Ramparts          Ice            100%       1d12      0%          3
 Hailstorm                Conj/Ice       100%       3d20      0%          4
 Animate Skeleton         Necr           58%        N/A       1%          1
 Corona                   Hex            29%        N/A       1%          1
 Pain                     Necr           100%       1d9       1%          1
 Slow                     Hex            100%       N/A       1%          1
 Summon Small Mammal      Summ           100%       N/A       1%          1
 Call Imp                 Summ           73%        N/A       1%          2
 Ensorcelled Hibernation  Hex/Ice        100%       N/A       1%          2
 Sublimation of Blood     Necr           29%        N/A       1%          2
 Wereblood                Tmut           29%        N/A       1%          2
 Call Canine Familiar     Summ           73%        N/A       1%          3
 Confusing Touch          Hex            29%        N/A       1%          3
 Conjure Flame            Conj/Fire      85%        6-21      1%          3
 Dazzling Flash           Conj/Hex       100%       N/A       1%          3
 Gell's Gravitas          Tloc           29%        N/A       1%          3
 Ignite Poison            Fire/Tmut/Pois 42%        N/A       1%          3
 Inner Flame              Hex/Fire       48%        N/A       1%          3
 Lesser Beckoning         Tloc           29%        N/A       1%          3
 Mephitic Cloud           Conj/Pois/Air  72%        N/A       1%          3
 Portal Projectile        Hex/Tloc       58%        N/A       1%          3
 Summon Guardian Golem    Hex/Summ       56%        N/A       1%          3
 Swiftness                Air            61%        N/A       1%          3
 Tukima's Dance           Hex            29%        N/A       1%          3
 Vampiric Draining        Necr           29%        2d8       1%          3
 Airstrike                Air            30%        N/A       1%          4
 Flame Wave               Conj/Fire      85%        2d15      1%          4
 Fulminant Prism          Conj/Hex       38%        3d18      1%          4
 Iskenderun's Mystic Bla  Conj/Tloc      76%        2d15      1%          4
 Irradiate                Conj/Tmut      38%        3d26      1%          5
 Iskenderun's Battlesphe  Conj           100%       2d15      1%          5
 Lightning Bolt           Conj/Air       42%        1d62      1%          5
 Metabolic Englaciation   Hex/Ice        41%        N/A       1%          5
 Leda's Liquefaction      Hex/Erth       24%        N/A       2%          4
 Petrify                  Tmut/Erth      48%        N/A       2%          4
 Summon Forest            Summ/Tloc      28%        N/A       3%          5
 Summon Mana Viper        Hex/Summ       56%        N/A       3%          5
 Cause Fear               Hex            14%        N/A       6%          4
 Borgnjor's Vile Clutch   Necr/Erth      24%        N/A       6%          5
 Silence                  Hex/Air        24%        N/A       6%          5
 Agony                    Necr           29%        N/A       16%         5
 Alistair's Intoxication  Tmut/Pois      19%        N/A       16%         5
 Blade Hands              Tmut           14%        N/A       16%         5
 Manifold Assault         Tloc           29%        N/A       16%         5
 Yara's Violent Unravell  Hex/Tmut       14%        3d7       16%         5
 Conjure Ball Lightning   Conj/Air       42%        3x3d15    1%          6
 Simulacrum               Ice/Necr       41%        N/A       1%          6
 Starburst                Conj/Fire      42%        6d12      1%          6
 Ozocubu's Refrigeration  Ice            56%        4d16      1%          7
 Shadow Creatures         Summ           N/A        N/A       3%          6
 Summon Cactus Giant      Summ           36%        N/A       3%          6
 Summon Hydra             Summ           36%        N/A       19%         7
 Statue Form              Tmut/Erth      32%        N/A       32%         6
 Lehudib's Crystal Spear  Conj/Erth      42%        10d10     34%         8
 Eringya's Noxious Bog    Tmut/Pois      14%        N/A       63%         6
 Dragon Form              Tmut           14%        N/A       99%         7
 Ignition                 Fire           30%        3d10      99%         8
 Maxwell's Capacitive Co  Air            30%        ∞         99%         8
 Chain Lightning          Conj/Air       42%        3d56      99%         9
 Fire Storm               Conj/Fire      42%        8d11      99%         9
 Discord                  Hex            14%        N/A       100%        8
 Dragon's Call            Summ           36%        N/A       100%        9
 Shatter                  Erth           30%        3d25*     100%        9
 Animate Armour           Summ/Erth      Unusable   N/A       N/A         4

Dungeon Overview and Level Annotations

Branches:
Dungeon (15/15) Temple (0/1) D:7 Lair (6/6) D:10 Swamp (4/4) Lair:4 Snake (4/4) Lair:3 Slime (3/5) Lair:5 Orc (2/2) D:9 Elf (3/3) Orc:2 Vaults (5/5) D:14 Crypt (0/3) Vaults:2 Depths (5/5) D:15 Zot (0/5) Depths:4 Depths:5 Sewer (visited) IceCv (visited) Gauntlet (visited)

Altars:
Fedhas
Kikubaaqudgha
Makhleb
Nemelex Xobeh
Okawaru
Qazlal
Trog
Vehumet
Xom
Yredelemnul
Zin
Beogh

Shops:
D:12 :   Orc:2 ??:[x   Elf:2 !   Elf:3 [   Snake:3 x=x   Vaults:1 (
Vaults:2 =:[(*   Vaults:4 ?   Depths:3 *

Portals:
Hell: Depths:1 Depths:2 Depths:3 Depths:4 Depths:5
Abyss: Depths:1 Depths:3 Depths:5
Pandemonium: Depths:2
Ziggurat: Depths:4

Annotations:
Elf:2 3 runed translucent doors
Vaults:2 exclusion: door


Innate Abilities, Weirdness & Mutations

You cannot wear most types of armour.
You are amphibious.
You can wear up to eight rings at the same time.
Your skin changes colour to match your surroundings (Stealth+).
Your rubbery body absorbs attacks. (AC +1, EV +1)
((You are camouflaged when in or above water. (Stealth+)))
You have tentacles for arms and can constrict up to eight enemies at once.
Your flesh is heat resistant. (rF+)
Your magical capacity is low. (-10% MP)
You are somewhat resistant to both further mutation and mutation removal.
Your natural rate of healing is unusually fast.


Message History

The frost giant is struck by lightning.
The tentacled monstrosity completely misses you.
The tentacled monstrosity barely misses you.
The tentacled monstrosity completely misses you.
The tentacled monstrosity constricts you!
The storm dragon is engulfed in freezing vapours.
The storm dragon breathes lightning at you.
The bolt of lightning hits you!!
The bolt of lightning hits the titan.
The titan completely resists.
The ogre mage casts a spell at the two-headed ogre.
The two-headed ogre seems to speed up.
The necromancer gestures wildly while chanting.
The necromancer binds the souls of nearby monsters.
The two-headed ogre shouts in stereo!
You feel yourself speed up.
You hear a shout!
A tengu reaver comes into view. It is wielding a +0 war axe.
The storm dragon bites you.
You feel more protected from physical attacks.
The storm dragon claws you but does no damage.
The storm dragon tramples you but does no damage.
The iron troll bites you but does no damage.
You block the iron troll's attack. The iron troll closely misses you.
You block the deep troll earth mage's attack.
The deep troll earth mage claws you!
* * * LOW HITPOINT WARNING * * *
You feel more protected from physical attacks.
The deep troll earth mage completely misses you.
A yaktaur comes into view.
An ironbound convoker comes into view.
It is wielding a +1 great mace of protection.
You block the stone giant's attack.
The necromancer casts a spell.
The necromancer binds the souls of nearby monsters.
The titan waves its arms in wide circles.
The air twists around and strikes you!!
* * * LOW HITPOINT WARNING * * *
The titan hits you!
* * * LOW HITPOINT WARNING * * *
The frost giant hits you with a +2 battleaxe of freezing!!!
You die...

... #....# ...
#....# c ....
#....# O.
.....#....# ...
..Wp.#..[[#Cc[#
Q..L...☼o)cO.#
####.DTCc○DO###
....[QX@T°).C..
...[.○CDC<.....
....[°CDD○)....
......T..).....
####..[.....###
T..........
cW.#....#....
##..#....#p...


You could see 2 shadow dragons, a tentacled monstrosity, an iron dragon (soul
bound), 2 titans, a golden dragon (soul bound), a dread lich, a storm dragon
(soul bound), a frost giant (soul bound), 2 iron trolls, 2 stone giants, 2 tengu
reavers, 2 yaktaur captains, an ettin, 2 two-headed ogres, an ogre mage, a
phantasmal warrior, an ironbound convoker, a deep troll earth mage (soul bound),
a deep troll shaman (soul bound), 3 yaktaurs, a freezing wraith, a necromancer
and an orc wizard (soul bound).

Vanquished Creatures
  Mara (Swamp:3)
  An ancient lich (Depths:5)
  Rupert (D:11)
  6 caustic shrikes (Depths:1)
  Frances (Swamp:1)
  3 golden dragons
  3 thorn hunters (Swamp:4)
  6 sphinxes
  11 nagarajas (Snake:4)
  2 tentacled monstrosities
  3 liches
  12 vault wardens
  2 deep elf blademasters (Elf:3)
  3 titans
  A walking divine tome (D:15)
  A walking frostbound tome (Depths:5)
  2 deep elf master archers (Elf:3)
  A quicksilver dragon (Vaults:4)
  5 shadow dragons
  15 stone giants
  3 war gargoyles
  2 storm dragons (Depths:4)
  15 ironbound preservers
  A fenstrider witch (Depths:4)
  The ghost of Naedorpha the Spry, an adept FeFi of Makhleb (Depths:3)
  Nessos (D:14)
  A draconian monk (Depths:2)
  A tengu reaver (D:15)
  5 fire giants
  2 azure jellies (Slime:2)
  Azrael (Snake:1)
  A draconian scorcher (Depths:4)
  9 frost giants
  A dire elephant (Vaults:2)
  A minotaur (Gauntlet)
  3 deep elf sorcerers
  A juggernaut zombie (Depths:2)
  2 green deaths (Snake:3)
  3 deep elf elementalists
  A draconian annihilator (Depths:5)
  5 spriggan defenders
  3 crystal guardians
  Snorg (Lair:4)
  A draconian stormcaller (Depths:4)
  32 very ugly things
  2 quicksilver oozes
  2 draconian shifters
  9 ironbound thunderhulks
  12 ettins
  11 yaktaur captains
  14 fire dragons
  A green draconian (Depths:5)
  7 vampire knights
  2 black draconians (Depths:4)
  10 deep elf demonologists
  3 eleionomae (Depths:4)
  7 great orbs of eyes
  A purple draconian (Depths:4)
  3 spark wasps
  2 entropy weavers
  2 red draconians (Depths:4)
  10 deep elf annihilators
  A boulder beetle (Vaults:2)
  24 naga warriors
  Erolcha (D:13)
  15 hydras
  29 vault guards
  2 white draconians
  A shambling mangrove (Swamp:3)
  3 peacekeepers
  7 deep elf death magi
  A ghost crab (Swamp:3)
  3 ironbound frosthearts
  15 centaur warriors
  8 ogre magi
  A merfolk javelineer (Depths:5)
  3 deep elf high priests
  2 jiangshi (D:15)
  A merfolk impaler (Depths:1)
  A great orb of eyes (shapeshifter) (Elf:3)
  12 two-headed ogres
  2 death yaks (Lair:6)
  8 anacondas
  7 rakshasas
  A titan zombie (Vaults:3)
  15 alligators
  5 ice dragons
  2 removed ironbound beastmasters
  12 deep troll earth magi
  10 spriggan air magi
  An orc high priest (Orc:1)
  24 naga sharpshooters
  2 salamander tyrants (Depths:4)
  11 dancing weapons
  6 spriggan berserkers
  8 shock serpents
  9 deep elf knights
  8 deep troll shamans
  11 tengu warriors
  4 vampire magi
  6 hell knights
  A storm dragon skeleton (Vaults:3)
  4 skeletal warriors
  2 salamander mystics (Snake:3)
  4 iron trolls
  4 unseen horrors
  A spark wasp zombie (Depths:2)
  A glowing orange brain (shapeshifter) (Vaults:4)
  59 deep trolls
  14 wizards
  7 swamp dragons
  2 spriggan druids
  6 glowing orange brains
  A sea snake (Snake:4)
  7 naga ritualists
  13 deep elf archers
  A flayed ghost (D:15)
  15 ironbound convokers
  4 lindwurms (Vaults:4)
  5 harpies (Vaults:2)
  3 wolf spiders (Vaults:1)
  2 phantasmal warriors (Vaults:4)
  33 deep elf zephyrmancers
  An orb spider (shapeshifter) (D:13)
  9 necromancers
  6 oklob plants
  18 deep elf pyromancers
  4 orc knights
  9 mana vipers
  40 ugly things
  8 orc sorcerers (Orc:2)
  A stone giant zombie (Vaults:1)
  2 shining eyes
  5 cyclopes
  9 salamanders
  A fire giant zombie (Vaults:1)
  9 vault sentinels
  4 guardian serpents (Snake:4)
  An elephant (D:10)
  2 guardian serpents (shapeshifter)
  14 naga magi
  29 black mambas
  4 gargoyles
  Joseph (D:8)
  4 ice statues
  A torpor snail (Lair:2)
  3 water nymphs (Depths:4)
  24 cane toads
  A human zombie (Vaults:1)
  20 yaktaurs
  Maggie (D:7)
  5 komodo dragons
  2 freezing wraiths (Vaults:4)
  A dryad (Depths:4)
  A kobold demonologist (D:15)
  2 yaktaur zombies
  A rime drake (Lair:5)
  7 tengu conjurers
  A red devil (Gauntlet)
  8 ice devils
  A merfolk (Depths:4)
  4 trolls
  2 polar bears
  9 tyrant leeches
  16 hornets
  2 bog bodies (Swamp:3)
  22 blink frogs
  62 slime creatures
  4 dream sheep
  5 removed hippogriffs
  A jumping spider (shapeshifter) (Elf:3)
  3 shadows
  A centaur simulacrum (D:15)
  10 spriggans
  An air elemental (Elf:3)
  A vampire (D:15)
  3 wyverns
  3 wraiths
  14 humans
  7 water elementals
  39 yaks
  4 fire elementals
  3 hogs (Swamp:1)
  2 basilisks
  3 redbacks
  A swamp worm (shapeshifter) (D:14)
  Menkaure (D:5)
  16 vampire mosquitoes
  56 nagas
  A warg (Orc:1)
  6 swamp worms
  4 acid dragons
  21 insubstantial wisps
  An acid dragon (shapeshifter) (Depths:4)
  9 water moccasins
  7 removed porcupines
  4 hell hounds (Snake:1)
  A black bear (shapeshifter) (Elf:1)
  11 swamp drakes
  5 sky beasts
  5 ice beasts
  An ettin simulacrum (Vaults:1)
  A hornet zombie (D:15)
  21 orc warriors
  2 black bears
  A tengu (shapeshifter) (Vaults:1)
  2 wolves (Lair:6)
  19 ogres
  3 phantoms
  16 boggarts
  15 centaurs
  A necrophage (D:8)
  A kobold brigand (D:13)
  12 removed crocodiles
  25 bullfrogs
  A water moccasin zombie (D:11)
  3 earth elementals
  3 scorpions
  8 killer bees
  An orc simulacrum (Vaults:1)
  4 wights (D:8)
  4 electric eels
  4 howler monkeys
  A bullfrog zombie (D:12)
  15 crimson imps
  3 centaur zombies
  A draconian simulacrum (IceCv)
  35 orc wizards
  A quasit (D:12)
  7 hounds
  12 orc priests
  A jelly (D:7)
  Crazy Yiuf (D:2)
  3 bullfrog skeletons
  4 centaur skeletons
  4 iguanas
  7 removed worker ants
  2 spriggan simulacra (IceCv)
  3 troll simulacra (IceCv)
  A removed worker ant zombie (D:6)
  4 gnolls
  A howler monkey skeleton (D:7)
  24 adders
  A naga simulacrum (IceCv)
  5 ogre simulacra
  2 shadow imps
  8 ufetubi (D:8)
  6 endoplasms
  An adder zombie (D:6)
  2 adder skeletons
  6 worms
  62 orcs
  4 removed leopard geckos
  3 ball pythons
  9 giant cockroaches
  4 goblins
  7 hobgoblins
  13 jackals
  15 kobolds
  5 quokkas
  18 bats
  10 frilled lizards
  A quokka zombie (D:5)
  6 rats
  A removed leopard gecko skeleton (D:6)
  8 briar patches (Swamp:4)
  2 fungi
  4 plants
1857 creatures vanquished.

Vanquished Creatures (collateral kills)
  Jorgrun (Swamp:3)
  Gastronok (Lair:3)
  Jory (Depths:4)
  A thorn hunter (Swamp:4)
  Kirke (Swamp:1)
  3 nagarajas (Snake:4)
  A walking earthen tome (Depths:3)
  Louise (Swamp:2)
  A sphinx (Depths:2)
  A war gargoyle (Vaults:2)
  3 stone giants
  A deep elf sorcerer (Elf:3)
  2 vault wardens (Vaults:4)
  An ironbound preserver (Vaults:4)
  A crystal guardian (Vaults:2)
  3 very ugly things
  A white draconian (Depths:5)
  A boulder beetle (Vaults:2)
  6 hydras
  An anaconda (Snake:1)
  2 fire dragons
  2 ironbound frosthearts
  A deep elf death mage (Elf:3)
  A shambling mangrove (Swamp:2)
  2 two-headed ogres (Vaults:1)
  2 ogre magi (Vaults:1)
  A deep elf high priest (Elf:3)
  A rakshasa (Depths:1)
  An alligator (Swamp:1)
  A death yak (Lair:6)
  4 ice dragons
  A spriggan air mage (Depths:1)
  A shock serpent (Snake:2)
  2 spriggans (Swamp:3)
  4 naga sharpshooters
  A hell knight (D:15)
  3 iron trolls
  2 skeletal warriors (Vaults:1)
  4 swamp dragons (Swamp:4)
  4 deep trolls
  2 naga ritualists
  A wizard (Depths:2)
  An orc knight (Vaults:1)
  A lindwurm (Vaults:4)
  A deep elf zephyrmancer (Elf:1)
  6 ugly things
  A mana viper (Snake:1)
  An orc sorcerer (Orc:2)
  2 cyclopes
  A human zombie (Vaults:3)
  A salamander (shapeshifter) (Depths:1)
  A salamander (Snake:3)
  5 black mambas
  A gargoyle (D:11)
  13 cane toads
  2 vault sentinels
  A naga mage (Snake:4)
  A smoke demon (Gauntlet)
  A rime drake (Lair:5)
  A komodo dragon (Lair:6)
  3 trolls
  2 hornets
  4 blink frogs
  10 tyrant leeches
  3 slime creatures
  A removed hippogriff (Lair:5)
  A polar bear (Lair:4)
  2 bog bodies
  2 dream sheep
  A snapping turtle (shapeshifter) (D:15)
  Sigmund (D:5)
  A water elemental (Depths:5)
  A human (D:14)
  9 yaks
  3 removed hungry ghosts
  A steam dragon (D:12)
  8 vampire mosquitoes
  A warg (Orc:2)
  A swamp worm (Swamp:2)
  A basilisk (D:10)
  5 nagas
  2 removed porcupines
  A swamp drake (Swamp:4)
  An ice beast (D:5)
  3 orc warriors (Orc:2)
  A sky beast (D:6)
  A phantom (D:8)
  A black bear (D:6)
  5 ogres
  An orc zombie (Vaults:1)
  A wolf (Lair:6)
  4 centaurs
  2 removed crocodiles
  3 bullfrogs
  A gnoll sergeant (D:8)
  3 killer bees
  A wight (D:8)
  An electric eel (D:10)
  2 jellies
  A crimson imp (D:10)
  A hound (D:11)
  An orc priest (Orc:2)
  An orc wizard (Orc:2)
  A removed worker ant (D:11)
  7 gnolls
  2 adders
  A shadow imp (D:5)
  5 orcs
  A removed leopard gecko (D:10)
  A ball python (D:8)
  A bat (Sewer)
  2 giant cockroaches (Sewer)
  3 quokkas
  A frilled lizard (Sewer)
240 creatures vanquished.

Vanquished Creatures (others)
  A nagaraja (Snake:4)
  A fire giant (Depths:3)
  A blink frog (Lair:5)
  A human (D:14)
  An orc warrior (D:15)
  An orc wizard (Orc:2)
  2 orcs (Orc:2)
  14 fungi
  49 plants
71 creatures vanquished.

Grand Total: 2168 creatures vanquished

Notes
Turn   | Place    | Note
-------+----------+-------------------------------------------
     0 | D:1      | splatterpode the Octopode Ice Elementalist began the quest
                  | for the Orb.
     0 | D:1      | Reached XP level 1. HP: 11/11 MP: 3/3
   696 | D:1      | Reached XP level 2. HP: 18/18 MP: 5/5
  1227 | D:2      | Noticed a crimson imp
  1242 | D:1      | Killed a crimson imp
  1242 | D:1      | Reached skill level 1 in Fighting
  1242 | D:1      | Reached XP level 3. HP: 16/23 MP: 4/6
  1412 | D:2      | Reached XP level 4. HP: 22/28 MP: 4/7
  1420 | D:2      | Learned a level 4 spell: Summon Ice Beast
  1424 | D:2      | Learned a level 3 spell: Ozocubu's Armour
  1591 | D:2      | Reached skill level 5 in Ice Magic
  2037 | D:2      | Found a faded altar of an unknown god.
  2037 | D:2      | Found a bloodstained altar of Trog.
  2042 | D:2      | Found an iron altar of Okawaru.
  2044 | D:2      | Found a stormy altar of Qazlal.
  2046 | D:2      | Found a burning altar of Makhleb.
  2048 | D:2      | Reached XP level 5. HP: 34/34 MP: 9/9
  2117 | D:2      | Reached skill level 1 in Summonings
  2454 | D:2      | Became a worshipper of Qazlal Stormbringer
  2487 | D:2      | Found a runed translucent door.
  2488 | D:2      | Noticed Crazy Yiuf
  2498 | D:2      | Killed Crazy Yiuf
  3085 | D:3      | Reached XP level 6. HP: 39/39 MP: 10/10
  3092 | D:3      | Learned a level 3 spell: Frozen Ramparts
  3400 | D:3      | You fall into a shaft and drop 1 floor!
  3417 | D:4      | Reached * piety under Qazlal
  3417 | D:4      | Reached skill level 1 in Shields
  3972 | D:4      | Noticed a phantom
  4356 | D:4      | Killed a phantom
  4356 | D:4      | Reached XP level 7. HP: 38/45 MP: 4/12
  4357 | D:4      | Upgraded the game from 0.25-a0-701-gb30f108f01 to
                  | 0.25-a0-719-gde951dce62
  4779 | D:4      | Reached skill level 6 in Ice Magic
  5267 | D:5      | Entered Level 5 of the Dungeon
  5444 | D:5      | Found a glowing drain.
  5455 | Sewer    | Entered a sewer
  5703 | Sewer    | Reached ** piety under Qazlal
  6304 | D:5      | Reached XP level 8. HP: 52/52 MP: 4/13
  6585 | D:5      | Noticed Menkaure
  6598 | D:5      | Killed Menkaure
  6739 | D:5      | Noticed Sigmund
  7580 | D:5      | Killed Sigmund
  7580 | D:5      | Reached skill level 7 in Ice Magic
  8150 | D:6      | Reached skill level 5 in Summonings
  8434 | D:6      | Reached *** piety under Qazlal
  8434 | D:6      | Reached XP level 9. HP: 56/58 MP: 6/15
  8794 | D:6      | Found a basalt altar of Yredelemnul.
  9232 | D:7      | Found a staircase to the Ecumenical Temple.
  9502 | D:7      | Reached skill level 8 in Ice Magic
  9618 | D:7      | Found a radiant altar of Vehumet.
  9683 | D:7      | Noticed Maggie
  9696 | D:7      | Killed Maggie
  9696 | D:7      | Reached skill level 5 in Spellcasting
 10257 | D:8      | Reached skill level 5 in Fighting
 10550 | D:8      | Found an ancient bone altar of Kikubaaqudgha.
 10550 | D:8      | Found a sparkling altar of Nemelex Xobeh.
 10897 | D:8      | Noticed Joseph
 10922 | D:8      | Killed Joseph
 10922 | D:8      | Reached skill level 9 in Ice Magic
 11110 | D:8      | Reached **** piety under Qazlal
 11144 | D:8      | Reached XP level 10. HP: 50/68 MP: 18/18
 11727 | D:8      | Noticed an ice statue
 11875 | D:8      | Reached skill level 10 in Ice Magic
 12979 | D:8      | Killed an ice statue
 13353 | D:8      | Gained mutation: Your natural rate of healing is unusually
                  | fast. [potion of mutation]
 13353 | D:8      | Gained mutation: Your magical capacity is low. (-10% MP)
                  | [potion of mutation]
 13353 | D:8      | Gained mutation: Your flesh is heat resistant. (rF+)
                  | [potion of mutation]
 13353 | D:8      | Gained mutation: You are somewhat resistant to further
                  | mutation. [potion of mutation]
 13693 | D:9      | Found a staircase to the Orcish Mines.
 14077 | D:9      | Reached skill level 11 in Ice Magic
 14154 | D:9      | Found a shimmering altar of Xom.
 14154 | D:9      | Noticed an angel
 14155 | D:9      | Found a glowing silver altar of Zin.
 14461 | D:10     | Entered Level 10 of the Dungeon
 14485 | D:10     | Noticed a gargoyle
 14489 | D:10     | Killed a gargoyle
 14489 | D:10     | Reached XP level 11. HP: 73/73 MP: 11/19
 14744 | D:10     | Noticed a cyclops
 14763 | D:10     | Killed a cyclops
 14763 | D:10     | Reached ***** piety under Qazlal
 15590 | D:10     | Found a staircase to the Lair.
 15805 | D:10     | Noticed a two-headed ogre
 15814 | D:10     | Killed a two-headed ogre
 16050 | D:10     | Upgraded the game from 0.25-a0-719-gde951dce62 to
                  | 0.25-a0-731-g0472a16d6a
 16217 | D:10     | Reached skill level 12 in Ice Magic
 16224 | D:10     | Killed an unseen horror
 16353 | Lair:1   | Entered Level 1 of the Lair of Beasts
 17636 | Lair:2   | Reached XP level 12. HP: 31/82 MP: 7/22
 18230 | Lair:3   | Reached skill level 13 in Ice Magic
 18247 | Lair:3   | Found a gate leading to a gauntlet.
 18256 | Gauntlet | Entered a Gauntlet
 18256 | Gauntlet | Found a large runed translucent door.
 18256 | Gauntlet | Found a large runed translucent door.
 18256 | Gauntlet | Found a large runed translucent door.
 18256 | Gauntlet | Found a large runed translucent door.
 18256 | Gauntlet | Found a large runed translucent door.
 18256 | Gauntlet | Found a transporter.
 18256 | Gauntlet | Found a large runed translucent door.
 18256 | Gauntlet | Found a large runed translucent door.
 18256 | Gauntlet | Found a large runed translucent door.
 18256 | Gauntlet | Found a runed translucent door.
 18256 | Gauntlet | Found a runed translucent gate.
 18256 | Gauntlet | Found a runed translucent gate.
 18256 | Gauntlet | Found a transporter.
 18256 | Gauntlet | Found a transporter.
 18318 | Gauntlet | Found a transporter.
 18322 | Gauntlet | Found a transporter.
 18329 | Gauntlet | Found a transporter.
 18332 | Gauntlet | Found a transporter.
 18336 | Gauntlet | Found a runed translucent door.
 18337 | Gauntlet | Noticed a ghost crab
 18338 | Gauntlet | Found a runed translucent door.
 18340 | Gauntlet | Found a transporter.
 18356 | Gauntlet | Noticed an entropy weaver
 18358 | Gauntlet | Found a transporter.
 18375 | Gauntlet | Found a transporter.
 18378 | Gauntlet | Found a transporter.
 18388 | Gauntlet | Found a transporter.
 18393 | Gauntlet | Found a runed translucent gate.
 18394 | Gauntlet | Found a large runed translucent door.
 18394 | Gauntlet | Found a large runed translucent door.
 18395 | Gauntlet | Found a large runed translucent door.
 18396 | Gauntlet | Found a large runed translucent door.
 18397 | Gauntlet | Found a large runed translucent door.
 18397 | Gauntlet | Found a large runed translucent door.
 18397 | Gauntlet | Found a runed translucent door.
 18398 | Gauntlet | Found a large runed translucent door.
 18399 | Gauntlet | Found a large runed translucent door.
 18525 | Gauntlet | Learned a level 4 spell: Hailstorm
 18876 | Gauntlet | Got a wavering steel ring
 18879 | Gauntlet | Identified the ring "Atweeria" {rF+ rN+ Dex+4} (You found
                  | it in a Gauntlet)
 18908 | Gauntlet | Noticed a minotaur
 18934 | Gauntlet | HP: 4/85 [minotaur/javelin (28)]
 18939 | Gauntlet | Killed a minotaur
 19092 | Lair:3   | Noticed Gastronok
 19257 | Lair:3   | Killed Gastronok
 19271 | Lair:3   | Noticed a five-headed hydra
 19293 | Lair:3   | Killed a five-headed hydra
 19679 | Lair:3   | Found a staircase to the Snake Pit.
 20157 | Lair:4   | Reached skill level 14 in Ice Magic
 20292 | Lair:4   | Reached skill level 10 in Fighting
 20423 | Lair:4   | Reached XP level 13. HP: 31/92 MP: 1/24
 20863 | Lair:4   | Found a staircase to the Swamp.
 21063 | Lair:4   | Noticed Snorg
 21075 | Lair:4   | Killed Snorg
 21075 | Lair:4   | Reached skill level 10 in Spellcasting
 21575 | Lair:5   | Got an ancient short sword
 21588 | Lair:4   | Identified the +11 short sword "Bentubisi" {elec, rN+ Str+3
                  | Int+10 Stlth-} (You found it on level 5 of the Lair of
                  | Beasts)
 21750 | Lair:5   | Reached ****** piety under Qazlal
 21756 | Lair:5   | Reached skill level 1 in Short Blades
 21757 | Lair:5   | Found a frozen archway.
 21763 | IceCv    | Entered an ice cave
 21779 | IceCv    | Reached skill level 15 in Ice Magic
 22660 | IceCv    | Got a dazzling buckler
 22677 | IceCv    | Identified the cursed +0 buckler "Plog" {rPois} (You found
                  | it in an ice cave)
 23168 | Lair:5   | Learned a level 1 spell: Apportation
 23340 | Lair:5   | Found a staircase to the Slime Pits.
 23513 | Lair:6   | Entered Level 6 of the Lair of Beasts
 24644 | Lair:6   | Reached skill level 5 in Dodging
 24797 | Lair:5   | Reached skill level 5 in Short Blades
 24869 | Lair:6   | Reached XP level 14. HP: 101/101 MP: 13/25
 27307 | Lair:6   | Got a faintly glowing mace
 27308 | Lair:6   | Identified the +2 mace of Osoibabb {vorpal, *Corrode rF+++
                  | Str-2 Dex+8} (You found it on level 6 of the Lair of
                  | Beasts)
 27611 | Orc:1    | Entered Level 1 of the Orcish Mines
 27869 | Orc:2    | Entered Level 2 of the Orcish Mines
 27869 | Orc:2    | Found a staircase to the Elven Halls.
 27875 | Orc:2    | Noticed a stone giant
 28377 | Orc:1    | Killed a stone giant
 28699 | Orc:2    | Found Jaobaas's Gadget Shoppe.
 29203 | Orc:2    | Noticed a stone giant
 29564 | Orc:2    | Killed a stone giant
 31003 | Orc:2    | Found Tiasaqir's Antique Armour Shoppe.
 31032 | Orc:2    | Paralysed by an orc sorcerer for 5 turns
 31398 | Orc:2    | Found an ancient bone altar of Kikubaaqudgha.
 31512 | Orc:2    | Found a radiant altar of Vehumet.
 31635 | Orc:2    | Found a roughly hewn altar of Beogh.
 31635 | Orc:2    | Found Jeuschel's Magic Scroll Shoppe.
 31646 | Orc:2    | Found Adiux's Magic Scroll Shoppe.
 31657 | Orc:2    | Bought a scroll of fog for 26 gold pieces
 31672 | Orc:2    | Found Maisoadiano's Book Emporium.
 31675 | Orc:2    | Bought a scroll of holy word for 97 gold pieces
 31725 | Orc:2    | Bought a book of Fire for 975 gold pieces
 31725 | Orc:2    | Bought a book of Ice for 975 gold pieces
 31732 | Orc:2    | Learned a level 5 spell: Freezing Cloud
 31738 | Orc:2    | Learned a level 5 spell: Fireball
 32401 | D:11     | Reached skill level 1 in Conjurations
 32401 | D:11     | Reached skill level 1 in Fire Magic
 32900 | D:12     | Noticed Rupert
 32901 | D:12     | Paralysed by Rupert for 4 turns
 33083 | D:12     | Reached XP level 15. HP: 108/108 MP: 3/26
 33252 | D:12     | Found Boibubi's Book Shoppe.
 33405 | D:12     | Found a flagged portal.
 33911 | D:11     | Killed Rupert
 34412 | D:12     | Identified a scroll of acquirement
 34617 | Orc:2    | Bought a shiny buckler for 255 gold pieces
 34630 | Orc:2    | Identified the Reference Book on Lightness and Stolen Souls
                  | (You acquired it on level 2 of the Orcish Mines)
 34662 | Orc:2    | Bought a manual of Air Magic for 1656 gold pieces
 34838 | D:12     | Bought a book of the Sky for 845 gold pieces
 34843 | D:12     | Learned a level 4 spell: Summon Lightning Spire
 35019 | D:12     | Upgraded the game from 0.25-a0-731-g0472a16d6a to
                  | 0.25-a0-803-g58bd18402a
 35276 | D:13     | Noticed Erolcha
 35288 | D:13     | Killed Erolcha
 35288 | D:13     | Reached skill level 1 in Air Magic
 36259 | D:13     | Identified the Catalogue of Feathery Bewitchment (You
                  | acquired it on level 13 of the Dungeon)
 36544 | D:14     | Found a gate to the Vaults.
 36544 | D:14     | Noticed Nessos
 36880 | D:14     | Killed Nessos
 37897 | Swamp:1  | Entered Level 1 of the Swamp
 38407 | Lair:4   | Got a dazzling battleaxe
 38417 | Lair:4   | Identified the +2 buckler "Burep" {Dex+4} (You acquired it
                  | on level 4 of the Lair of Beasts)
 38417 | Lair:4   | Identified the Almanac of Air (You acquired it on level 4
                  | of the Lair of Beasts)
 38490 | Swamp:1  | Reached skill level 5 in Conjurations
 38490 | Swamp:1  | Reached skill level 5 in Fire Magic
 38811 | Swamp:1  | Upgraded the game from 0.25-a0-803-g58bd18402a to
                  | 0.25-a0-942-g87a53962fc
 39083 | Swamp:1  | Noticed Kirke
 39090 | Swamp:1  | Killed Kirke
 39618 | Swamp:1  | Noticed Frances
 39632 | Swamp:1  | Killed Frances
 39632 | Swamp:1  | Reached skill level 5 in Air Magic
 39633 | Swamp:1  | Reached XP level 16. HP: 96/116 MP: 4/27
 39765 | Swamp:1  | You fall into a shaft and drop 1 floor!
 40600 | Swamp:2  | Noticed Louise
 41108 | Swamp:2  | Killed Louise
 41345 | Swamp:2  | Reached skill level 10 in Dodging
 41591 | Swamp:2  | Upgraded the game from 0.25-a0-942-g87a53962fc to
                  | 0.25-a0-1126-g5fd7b56c60
 41612 | Swamp:3  | Noticed Jorgrun
 41879 | Swamp:3  | Noticed Mara
 41887 | Swamp:3  | Killed Jorgrun
 41887 | Swamp:3  | Reached skill level 10 in Short Blades
 42172 | Swamp:3  | Killed Mara
 43219 | Swamp:3  | Upgraded the game from 0.25-a0-1126-g5fd7b56c60 to
                  | 0.26-a0-40-gfe7b5d5a6f
 43248 | Swamp:4  | Entered Level 4 of the Swamp
 43392 | Swamp:4  | Noticed a thorn hunter
 43523 | Swamp:4  | Noticed a thorn hunter
 43540 | Swamp:4  | Killed a thorn hunter
 44039 | Swamp:4  | Noticed a thorn hunter
 44090 | Swamp:4  | Killed a thorn hunter
 44498 | Swamp:4  | Reached XP level 17. HP: 85/123 MP: 7/28
 44625 | Swamp:4  | Reached skill level 10 in Conjurations
 45152 | Swamp:4  | Got a decaying rune of Zot
 45175 | Swamp:4  | Got a crude battleaxe
 45495 | Swamp:4  | Upgraded the game from 0.26-a0-40-gfe7b5d5a6f to
                  | 0.26-a0-110-g95b6527cb0
 45624 | Snake:1  | Entered Level 1 of the Snake Pit
 46092 | Snake:1  | Found a blossoming altar of Fedhas.
 46257 | Snake:1  | Noticed Azrael
 46265 | Snake:1  | Killed Azrael
 47659 | Snake:1  | Upgraded the game from 0.26-a0-110-g95b6527cb0 to
                  | 0.26-a0-658-gbdda728c12
 47659 | Snake:1  | Upgraded the game from 0.26-a0-658-gbdda728c12 to
                  | 0.26-a0-812-g31a745ddcd
 49439 | Snake:3  | Found Anivvaghast's Gadget Shop.
 49439 | Snake:3  | Found Folumih's Jewellery Emporium.
 49440 | Snake:3  | Found Dafaruipym's Gadget Shop.
 49885 | Snake:3  | Bought an uncursed amulet of reflection for 510 gold pieces
 50756 | Snake:3  | Found a runed translucent door.
 51273 | Snake:3  | Reached XP level 18. HP: 120/131 MP: 12/29
 51478 | Snake:4  | Entered Level 4 of the Snake Pit
 55959 | Snake:4  | Reached XP level 19. HP: 69/138 MP: 31/31
 56187 | Snake:4  | Got a serpentine rune of Zot
 56555 | Snake:4  | Upgraded the game from 0.26-a0-812-g31a745ddcd to
                  | 0.26-a0-845-gfacbca91cf
 56555 | Snake:4  | Upgraded the game from 0.26-a0-845-gfacbca91cf to
                  | 0.26-a0-849-gf1512cd430
 56839 | D:15     | Entered Level 15 of the Dungeon
 57408 | D:15     | Reached skill level 15 in Fighting
 57575 | D:15     | Found a staircase to the Depths.
 58067 | D:15     | Identified the Guide on Dark Displacement
 58399 | Vaults:1 | Entered Level 1 of the Vaults
 59931 | D:14     | Upgraded the game from 0.26-a0-849-gf1512cd430 to
                  | 0.27-a0-1147-gb3d8e82157
 62027 | Vaults:1 | Reached skill level 15 in Conjurations
 62735 | Vaults:1 | Reached XP level 20. HP: 134/146 MP: 28/33
 63009 | Vaults:1 | Found Kentiss's Antique Weapon Shoppe.
 63586 | Vaults:2 | Found Ytaf's Weapon Shop.
 64651 | Vaults:2 | Upgraded the game from 0.27-a0-1147-gb3d8e82157 to
                  | 0.27-a0-1158-gaa87e14f67
 65947 | Vaults:2 | Found Zacawat's Jewellery Boutique.
 66911 | Vaults:2 | Found Tuluket's Antique Armour Shoppe.
 66912 | Vaults:2 | Found Geerar's Book Emporium.
 66914 | Vaults:2 | Found Ytiovys's General Store.
 66916 | Vaults:2 | Bought a book of Annihilations for 1435 gold pieces
 66926 | Vaults:2 | Learned a level 8 spell: Maxwell's Capacitive Coupling
 67010 | Vaults:2 | Found a staircase to the Crypt.
 67660 | Vaults:2 | Bought a book of Dreams for 975 gold pieces
 67837 | Vaults:2 | Upgraded the game from 0.27-a0-1158-gaa87e14f67 to
                  | 0.27-a0-1188-g73eefd5def
 69783 | Vaults:3 | Reached XP level 21. HP: 146/153 MP: 5/34
 72934 | Vaults:3 | Reached skill level 15 in Dodging
 72934 | Vaults:3 | Reached skill level 16 in Ice Magic
 72934 | Vaults:3 | Upgraded the game from 0.27-a0-1188-g73eefd5def to
                  | 0.28-a0-695-gff097466f2
 72934 | Vaults:3 | Upgraded the game from 0.28-a0-695-gff097466f2 to
                  | 0.28-a0-1435-g82390b3a13
 72934 | Vaults:3 | Upgraded the game from 0.28-a0-1435-g82390b3a13 to
                  | 0.29-a0-96-g93358da72b
 72934 | Vaults:3 | Upgraded the game from 0.29-a0-96-g93358da72b to
                  | 0.29-a0-393-g47a863cc1b
 73979 | Vaults:4 | Reached skill level 17 in Ice Magic
 74162 | Vaults:4 | Found Syagib's Magic Scroll Boutique.
 75388 | Vaults:4 | Upgraded the game from 0.29-a0-393-g47a863cc1b to
                  | 0.29-a0-397-g846e4a0bbc
 75827 | Lair:5   | Learned a level 9 spell: Polar Vortex
 75852 | Slime:1  | Entered Level 1 of the Pits of Slime
 76937 | Depths:1 | Entered Level 1 of the Depths
 77303 | D:15     | Paralysed by a vampire knight for 4 turns
 77909 | Vaults:4 | Bought a scroll of blinking for 172 gold pieces
 78251 | Orc:2    | Bought 2 scrolls of blinking for 195 gold pieces
 79016 | D:15     | Reached XP level 22. HP: 90/164 MP: 25/36
 79218 | D:15     | Reached skill level 5 in Shields
 79454 | Depths:1 | Noticed a golden dragon
 79929 | D:15     | Killed a golden dragon
 80144 | D:15     | Reached skill level 18 in Ice Magic
 80309 | D:15     | Upgraded the game from 0.29-a0-397-g846e4a0bbc to
                  | 0.29-a0-416-g83a48905f1
 80481 | Elf:1    | Entered Level 1 of the Elven Halls
 81013 | Elf:1    | Identified the +7 glaive of Absolution {flame, rF- Dex+4}
 81256 | Elf:1    | You fall into a shaft and drop 1 floor!
 81277 | Elf:2    | Found a runed translucent gate.
 81294 | Elf:2    | Found a runed translucent gate.
 81294 | Elf:2    | Found a runed translucent gate.
 81508 | Elf:2    | Reached skill level 15 in Spellcasting
 82030 | Elf:2    | Found Hisasoj's Distillery.
 82311 | Elf:2    | Upgraded the game from 0.29-a0-416-g83a48905f1 to
                  | 0.29-a0-418-gc0181ea820
 82338 | Elf:3    | Entered Level 3 of the Elven Halls
 83439 | Elf:3    | Identified the +6 scimitar "Afuujicw" {spect, rF+ Dex+3}
 83488 | Elf:3    | Reached skill level 19 in Ice Magic
 83643 | Elf:3    | Identified the +2 robe of the Delicate God {Dex+6}
 83643 | Elf:3    | Identified the ring of Yxkurphuc {rPois rC+ Str+6}
 83754 | Elf:3    | Identified the amulet of Secrets {rPois Regen+}
 83759 | Elf:3    | Identified the ring of Dozegiy {AC+4 SInv}
 83955 | Elf:3    | Identified the ring of Hepox {rF+ rCorr Str+6 Int+2}
 84361 | Elf:3    | Reached XP level 23. HP: 172/172 MP: 28/37
 84728 | Elf:3    | Found the +3 Mad Mage's Maulers {Infuse+∞ RegenMP Int-3}
 84853 | Elf:3    | Found Wuuss's Antique Armour Shop.
 85188 | D:12     | Bought a book of Power for 546 gold pieces
 85196 | D:12     | Learned a level 6 spell: Iron Shot
 85204 | D:12     | Learned a level 7 spell: Spellforged Servitor
 85204 | D:12     | Upgraded the game from 0.29-a0-418-gc0181ea820 to
                  | 0.29-a0-419-g77450f2105
 85394 | D:15     | Learned a level 4 spell: Ice Form
 85406 | D:15     | Reached skill level 1 in Earth Magic
 87543 | Depths:1 | Got the Disquisition on Transmutation
 88312 | Depths:1 | Noticed a caustic shrike
 88313 | Depths:1 | Noticed a caustic shrike
 88313 | Depths:1 | Noticed a caustic shrike
 88314 | Depths:1 | Noticed a caustic shrike
 88316 | Depths:1 | Noticed a caustic shrike
 88516 | Depths:1 | Killed a caustic shrike
 88517 | Depths:1 | Killed a caustic shrike
 88525 | Depths:1 | Killed a caustic shrike
 88536 | Depths:1 | Killed a caustic shrike
 88547 | Depths:1 | Killed a caustic shrike
 88548 | Depths:1 | Reached skill level 20 in Ice Magic
 89107 | Depths:1 | Found a gateway to Hell.
 89159 | Depths:1 | Found a one-way gate to the infinite horrors of the Abyss.
 89212 | Depths:1 | Upgraded the game from 0.29-a0-419-g77450f2105 to
                  | 0.29-a0-451-gfbfa42419e
 89567 | Depths:1 | Gained mutation: You are somewhat resistant to both further
                  | mutation and mutation removal. [mutagenic glow]
 90407 | Depths:2 | Found a one-way gate leading to the halls of Pandemonium.
 90437 | Depths:2 | Noticed a caustic shrike
 90449 | Depths:1 | Killed a caustic shrike
 90450 | Depths:1 | Reached skill level 5 in Earth Magic
 90937 | Depths:2 | Identified the +10 scimitar of Nuir {vorpal, rCorr Dex+6}
 91909 | Depths:2 | Identified the +3 war axe of Superiority {speed, SInv}
 92526 | Depths:2 | Identified the +6 scale mail of the Endless Expanse {Int+6}
 93262 | Depths:2 | Reached XP level 24. HP: 182/182 MP: 25/37
 95291 | Depths:2 | Upgraded the game from 0.29-a0-451-gfbfa42419e to
                  | 0.29-a0-473-gacb4ef3bc5
 96619 | Depths:3 | Found a runed translucent door.
 96619 | Depths:3 | Noticed Naedorpha's ghost (adept FeFi)
 97072 | Depths:3 | Found Nyriov's General Store.
 97265 | Depths:3 | Acquired 406 gold pieces
 97951 | Depths:3 | Killed Naedorpha's ghost
 99463 | Orc:2    | Bought a book of Spatial Translocations for 390 gold pieces
 99467 | Orc:2    | Learned a level 2 spell: Blink
100392 | Depths:4 | Found a gate to the Realm of Zot.
100671 | Depths:4 | Found a one-way gateway to a ziggurat.
100755 | Depths:4 | Noticed Jory
100767 | Depths:4 | Killed Jory
101065 | Depths:4 | You fall into a shaft and drop 1 floor!
101065 | Depths:5 | Entered Level 5 of the Depths
101067 | Depths:5 | Upgraded the game from 0.29-a0-473-gacb4ef3bc5 to
                  | 0.29-a0-474-gdfe5cd140f
101081 | Depths:5 | Noticed an ancient lich
103447 | Depths:5 | Reached XP level 25. HP: 189/189 MP: 35/38
103495 | Depths:5 | Reached skill level 21 in Ice Magic
104153 | Depths:5 | Killed an ancient lich
104154 | Depths:5 | Upgraded the game from 0.29-a0-474-gdfe5cd140f to
                  | 0.29-a0-515-g7c1fb6cc08
104257 | Depths:5 | Found a gate to the Realm of Zot.
105673 | Vaults:5 | Entered Level 5 of the Vaults
106301 | Vaults:5 | Noticed a dread lich
106303 | Vaults:5 | Demolished by a frost giant

Illustrated notes

Levels and vault maps discovered:
D:1:      minmay_arrival_four_houses, layout_loops_corners,
          minmay_split_cup_small
D:2:      layout_rooms, chequers_temple_overflow_minitemple,
          uniq_crazy_yiuf_cottage
D:3:      layout_basic, first_ration
D:4:      layout_basic
D:5:      layout_basic, portal_sewer_entry_a, uniq_menkaure, uniq_sigmund
D:6:      layout_cave_pools, kennysheep_mini_moat, minmay_misc_feat_plants
D:7:      layout_basic, nicolae_overflow_hidden_temple,
          minmay_temple_entry_junction, uniq_maggie
D:8:      cheibrodos_frozen_isle, layout_basic, gammafunk_temple_overflow_pools,
          uniq_joseph
D:9:      layout_gridville, grunt_temple_overflow_order_and_chaos_1,
          orc_0_dummy, the_bakery
D:10:     layout_basic, david_lair_generic
D:11:     layout_basic
D:12:     layout_cave_pools, serial_shops, shop_fountains, enter_bailey_2,
          hangedman_misty_isle, uniq_rupert
D:13:     layout_loops_ring, minmay_misc_feat_pillars,
          ebering_dispersal_statue_hall, minmay_lizard_king, uniq_erolcha
D:14:     layout_loops_cross, david_vaults_3, chequers_serial_rivers_room_b,
          roderic_batcave
D:15:     grunt_enter_depths_hoard, layout_basic, minmay_misc_feat_rugged,
          evilmike_butchery
Lair:1:   layout_chaotic_city, serial_bayou_shore_b, grunt_megastairs_4,
          lemuel_fruit_tree
Lair:2:   layout_loops_ring
Lair:3:   layout_long_grid, minmay_snake_entry_six_corridors,
          gauntlet_entry_generic, beast_lair_carwin_2, uniq_gastronok
Lair:4:   layout_misc_corridors, minmay_swamp_entry_swarm,
          minmay_lair_oklob_chamber, uniq_snorg
Lair:5:   layout_regular_city, minmay_slime_entry_oklob_open,
          portal_ice_cave_rime
Lair:6:   minmay_lair_end_frog_pond, layout_regular_city
Swamp:1:  layout_basic_swamp, evilmike_swamp_ruin_house_5, uniq_frances,
          uniq_kirke
Swamp:2:  layout_falls_marsh, nicolae_swamp_dense_foliage, uniq_louise
Swamp:3:  layout_basic_swamp, evilmike_swamp_ruin_rubble_1, uniq_mara,
          uniq_jorgrun
Swamp:4:  swamp, layout_basic_swamp
Snake:1:  layout_cave_pods, basic_altar, drop_trap, uniq_azrael
Snake:2:  layout_layer_cave
Snake:3:  cheibrodos_toxic_ritual, layout_chambers, minmay_shop_grove
Snake:4:  grunt_snake_rune_spirals, layout_onion, serial_bayou_shore_a
Slime:1:  layout_caves
Slime:2:  layout_caves
Slime:3:  layout_caves
Orc:1:    layout_caves
Orc:2:    kennysheep_orc_mage_school, layout_caves, serial_shops,
          nicolae_shop_waterfront
Elf:1:    minmay_elf_arrival_circle, layout_rooms, hangedman_elf_represent
Elf:2:    elven_hall_of_blades_hangedman_original
          [nicolae_blade_entry_area_security], layout_gridlike, serial_shops,
          shop_statue
Elf:3:    grunt_elf_hall_branching, layout_geoelf_grid, serial_shops,
          nicolae_shop_advertising_works [nicolae_subvault_shop_adworks]
Vaults:1: nicolae_vaults_network_quincunx
          [nicolae_vaults_network_quincunx_subvault,
          nicolae_vaults_network_quincunx_subvault,
          nicolae_vaults_network_quincunx_subvault,
          nicolae_vaults_network_quincunx_subvault,
          nicolae_vaults_network_quincunx_subvault], nicolae_vaults_big_ls,
          hangedman_vaults_locks, hangedman_vaults_nails,
          ontoclasm_vaults_fault, v_pattern_1, nicolae_vaults_arrows,
          st_more_cells, nicolae_vaults_little_squares_2,
          nicolae_vaults_little_squares_6, vaults_room_semicircle, v_misc_13,
          layout_vaults_omnibox, serial_shops, shop
Vaults:2: hangedman_vaults_river_flow, v_misc_25, v_alt_pattern_2,
          vaults_mumra_chevron_long, nicolae_vaults_windows_and_doors_thing,
          v_pattern_3, grunt_vaults_twisty, nicolae_vaults_little_squares_1,
          layout_vaults_chaotic_city, serial_shops, shop, shop, shop,
          nicolae_shop_behind_doors, nicolae_shop_statue_plus
Vaults:3: nicolae_vaults_asterisk, ontoclasm_vaults_bender, v_misc_8, v_misc_11,
          ontoclasm_vaults_spin, vaults_mumra_hexcomb, ontoclasm_vaults_pinch,
          nicolae_vaults_gold_heap, nicolae_vaults_yaktaur_gun_rack,
          layout_vaults_quadrants
Vaults:4: vaults_room_semicircle, v_rooms_6, v_misc_27, vaults_dpeg_doors,
          ontoclasm_vaults_shout, ontoclasm_vaults_idyll, v_misc_4,
          nicolae_vaults_network_quinsquares
          [nicolae_vaults_network_quincunx_subvault,
          nicolae_vaults_network_quincunx_subvault,
          nicolae_vaults_network_quincunx_subvault,
          nicolae_vaults_network_quincunx_subvault],
          nicolae_vaults_border_crossing, nicolae_vaults_three_branches,
          ontoclasm_vaults_ring_large, vaults_room_fancy_cross,
          nicolae_vaults_asterisk, nicolae_vaults_theta,
          layout_vaults_maze_bifur, serial_shops, shop, uniq_margery
Vaults:5: serial_shops, uniq_boris
Depths:1: minmay_the_grid_square_5x5_4x4 [minmay_the_grid_square_5x5_seven,
          minmay_the_grid_square_5x5_spiral,
          minmay_the_grid_square_5x5_pentomino_r,
          minmay_the_grid_square_5x5_mess, minmay_the_grid_square_5x5_three,
          minmay_the_grid_square_5x5_prize_monsterx,
          minmay_the_grid_square_5x5_prize_rear_guard,
          minmay_the_grid_square_5x5_inner_z,
          minmay_the_grid_square_5x5_n_small,
          minmay_the_grid_square_5x5_prize_gold,
          minmay_the_grid_square_5x5_prize_deathbox,
          minmay_the_grid_square_5x5_shrine1, minmay_the_grid_square_5x5_comb,
          minmay_the_grid_square_5x5_doubleslash,
          minmay_the_grid_square_5x5_minivault,
          minmay_the_grid_square_5x5_gyroscope], layout_cave_pools,
          hangedman_abyss_entry_splay, grunt_metal_band,
          hangedman_decor_diamond_cutter, kennysheep_two_boxes
Depths:2: hangedman_pleasuredromes, pan_entry, hell_entry
Depths:3: minmay_bubble_buster, layout_gridlike, kennysheep_decorative_pillar,
          serial_shops, nicolae_shop_temple_entry_statues_fountains,
          ebering_ghost_reflecting_pool, abyss_entry_crystal, pf_coc_iceberg,
          grunt_megastairs_3, infiniplex_staircase_pool_lava
Depths:4: nicolae_terramorphic_expanse [nicolae_terramorphic_quarter,
          nicolae_terramorphic_quarter, nicolae_terramorphic_quarter,
          nicolae_terramorphic_quarter, nicolae_terramorphic_quarter,
          nicolae_terramorphic_biome, nicolae_terramorphic_biome,
          nicolae_terramorphic_biome, nicolae_terramorphic_biome],
          layout_gridlike, grunt_zot_entry_pinwheel, enter_ziggurat_d,
          pf_hell_entry_great_geh, hex_tiny, serial_sigils_hangedman_etch,
          infiniplex_staircase_zigzag_2, uniq_jory
Depths:5: evilmike_zot_entry_diamond, layout_gridlike,
          hangedman_tar_grid_catacomb, abyss_entry, grunt_megastairs_2

Skill      XL: |  1  2  3  4  5  6  7  8  9 10 11 12 13 14 15 16 17 18 19 20 21 22 23 24 25 |
---------------+----------------------------------------------------------------------------+-----
Fighting       | 1 2 3 4 5 7 8 10 11 12 13 14 15 16 17 18 19 20 | 20.5
Ice Magic      | 5 6 7 9 11 12 14 15 17 19 20 21 | 21.5
Summonings     | 1 2 3 5 6 7 |  7.9
Spellcasting   | 3 4 5 7 8 9 10 11 12 13 14 15 16 | 16.0
Shields        | 1 2 3 4 6 |  6.0
Short Blades   | 5 8 9 10 11 12 | 12.2
Dodging        | 5 8 9 10 11 12 13 14 15 16 18 19 | 19.0
Conjurations   | 2 6 9 11 13 15 16 17 | 17.7
Fire Magic     | 1 5 |  5.0
Air Magic      | 5 |  5.0
Earth Magic    | 5 |  5.0
Stealth        | |  2.6

Action                   |  1- 3 |  4- 6 |  7- 9 | 10-12 | 13-15 | 16-18 | 19-21 | 22-24 | 25-27 || total
-------------------------+-------+-------+-------+-------+-------+-------+-------+-------+-------++-------
Melee: Dagger            |    29 |   169 |   229 |       |       |       |       |       |       ||   427
       Constrict         |     8 |    36 |    58 |    33 |    86 |    58 |    78 |   104 |     3 ||   464
       Unarmed           |     3 |       |       |       |       |       |       |     3 |       ||     6
       Pseudopods        |     3 |    33 |    48 |    47 |   135 |   225 |   189 |       |       ||   680
       Spear             |       |       |    45 |   432 |    41 |       |       |       |       ||   518
       Short sword       |       |       |       |       |   543 |   989 |   915 |   808 |    62 ||  3317
       Staff             |       |       |       |       |     3 |       |       |       |       ||     3
       Tentacles         |       |       |       |       |       |       |    83 |   321 |    30 ||   434
       Punch             |       |       |       |       |       |       |     8 |    22 |     1 ||    31
 Cast: Freeze            |     5 |    11 |     3 |    25 |    50 |     8 |     1 |       |       ||   103
       Ozocubu's Armour  |       |     9 |    13 |    16 |    39 |    39 |    48 |    39 |     5 ||   208
       Frozen Ramparts   |       |     5 |    15 |    44 |    15 |    20 |    39 |    23 |       ||   161
       Summon Ice Beast  |       |     4 |    36 |    86 |   215 |   135 |   159 |    21 |       ||   656
       Hailstorm         |       |       |       |    16 |   123 |     7 |     5 |       |       ||   151
       Freezing Cloud    |       |       |       |       |    34 |   109 |   224 |   257 |    28 ||   652
       Summon Lightning  |       |       |       |       |    15 |     7 |    21 |     5 |       ||    48
       Fireball          |       |       |       |       |     3 |     2 |    34 |    39 |     2 ||    80
       Iron Shot         |       |       |       |       |       |       |       |   166 |    20 ||   186
       Spellforged Servi |       |       |       |       |       |       |       |    47 |     4 ||    51
       Polar Vortex      |       |       |       |       |       |       |       |     5 |     7 ||    12
       Ice Form          |       |       |       |       |       |       |       |     1 |       ||     1
 Abil: End Transformatio |       |       |       |       |       |       |       |     1 |       ||     1
Evoke: Wand              |       |       |       |     1 |       |       |       |       |       ||     1
  Use: Scroll            |     3 |     2 |    13 |     5 |    12 |     3 |     6 |    11 |       ||    55
       Potion            |     1 |     1 |     1 |     7 |     1 |       |     2 |     4 |     2 ||    19
 Stab: Sleeping          |       |     6 |       |       |       |       |       |       |       ||     6
       Invisible         |       |     1 |       |       |       |       |       |       |       ||     1
       Distracted        |       |       |       |     1 |     5 |     3 |    12 |     6 |       ||    27
  Eat: Removed food      |     1 |     8 |    20 |    26 |    24 |    14 |       |       |       ||    93
       Removed food      |       |     1 |     4 |     4 |    14 |     6 |       |       |       ||    29
Armor: Skin              |     6 |    30 |    65 |    47 |    73 |    53 |    58 |    79 |    13 ||   424
Dodge: Dodged            |    26 |   121 |   172 |   169 |   461 |   560 |   537 |   570 |    90 ||  2706
       Repelled          |       |       |       |     8 |    43 |    52 |    21 |    19 |     2 ||   145
Block: Other             |       |     1 |    18 |       |       |       |       |     6 |       ||    25
       Buckler           |       |       |    29 |   242 |   642 |   632 |   721 |   792 |   108 ||  3166
       Reflection        |       |       |       |       |       |    92 |    76 |    63 |    11 ||   242

Table legend: (Time is in decaauts)
 A = Elapsed time spent in this place.
 B = Non-inter-level travel time spent in this place.
 C = Inter-level travel time spent in this place.
 D = Time resting spent in this place.
 E = Time spent auto-exploring this place.
 F = Levels seen in this place.
 G = Mean time per level.
                   A        B        C        D        E       F      G
               +--------+--------+--------+--------+--------+-----+--------+
         Total | 105277 |  97589 |   7688 |  37135 |  40573 |  50 | 2105.5 |
       Dungeon |  29939 |  27182 |   2757 |   7843 |  14388 |  15 | 1995.9 |
          Lair |  11173 |  10217 |    956 |   3711 |   4469 |   6 | 1862.2 |
         Swamp |   6552 |   6269 |    283 |   2138 |   2946 |   4 | 1638.0 |
     Snake Pit |  10486 |  10004 |    482 |   3394 |   4576 |   4 | 2621.5 |
    Slime Pits |    716 |    695 |     21 |    519 |      0 |   3 |  238.7 |
  Orcish Mines |   4804 |   4018 |    786 |   2248 |    723 |   2 | 2402.0 |
   Elven Halls |   4404 |   4294 |    110 |   1652 |   1339 |   3 | 1468.0 |
        Vaults |  16301 |  14621 |   1680 |   4561 |   6735 |   5 | 3260.2 |
        Depths |  18186 |  17576 |    610 |  10202 |   4350 |   5 | 3637.2 |
         Sewer |    748 |    748 |      0 |    165 |    466 |   1 |  748.0 |
      Ice Cave |   1141 |   1141 |      0 |    498 |    175 |   1 | 1141.0 |
      Gauntlet |    821 |    821 |      0 |    204 |    406 |   1 |  821.0 |
               +--------+--------+--------+--------+--------+-----+--------+

Top non-repeatable levels by time:
Depths:1: 5274 daAuts
    D:15: 5120 daAuts
Vaults:1: 4738 daAuts
Vaults:2: 4499 daAuts
Vaults:3: 4347 daAuts
Depths:2: 3963 daAuts
 Snake:4: 3932 daAuts
Depths:4: 3725 daAuts
Depths:3: 3209 daAuts
 Snake:3: 2864 daAuts
Vaults:4: 2689 daAuts
   Elf:3: 2438 daAuts
    D:14: 2092 daAuts
Depths:5: 2014 daAuts
 Snake:2: 1688 daAuts
Note: time per level data comes from an upgraded game and may be incomplete.
